 Dungeon Crawl Stone Soup version 0.31-a0-662-g684573625c (webtiles) character file.

Game seed: 16685324976327281287

434019 MacCMillion the Ghoulish Cataclysm (level 23, -10/220 HPs)
             Began as a Ghoul Fighter on Sept 1, 2023.
             Was a High Priest of Qazlal.
             Mangled by Mennas
             ... wielding a +1 sacred scourge of holy wrath
              (12 damage)
             ... on level 2 of the Crypt.
             The game lasted 01:56:55 (55481 turns).

MacCMillion the Ghoulish Cataclysm (Ghoul Fighter) Turns: 55481, Time: 01:56:56

Health: -10/220    AC: 38    Str: 29    XL:     23   Next: 97%
Magic:  24/46      EV: 15    Int:  5    God:    Qazlal [*****.]
Gold:   3779       SH:  0    Dex: 11    Spells: 22/22 levels left

rFire   + . .        M - +4 broad axe (freeze)
rCold   + + +        B - +0 kite shield
rNeg    + + +        b - +0 crystal plate armour
rPois   ∞            p - +0 helmet "Mumoxke" {rC+ Will+ Dex+3 Stlth+}
rElec   +            y - scarf {rC+ rF+}
rCorr   .            D - +1 pair of gloves {hurl}
SInv    .            Q - +1 pair of boots
Will    ++...        H - amulet of reflection Stlth
                     r - +5 ring of evasion
HPRegen 0.00/turn    j - ring "Xowkumarph" {rElec MP+9 Slay+4}
MPRegen 0.30/turn

%: repel missiles, reflection
@: confused, protected from physical damage, inhibited regen, glowing, studying
2 skills, silenced
A: claws 1, cold resistance 1, negative energy resistance 3, inhibited
regeneration, torment resistance 2, devour on kill
}: 2/15 runes: serpentine, barnacled
a: Renounce Religion


You were on level 2 of the Crypt.
You worshipped Qazlal.
Qazlal was extremely pleased with you.
You visited 9 branches of the dungeon, and saw 41 of its levels.
You also visited: Sewer, Gauntlet, Ice Cave and Desolation.

You collected 7373 gold pieces.
You spent 3594 gold pieces at shops.

Inventory:

Hand Weapons
 k - the +7 mace "Oniuj" {spect, Will+ rCorr Dex+3}
   (You found it on level 2 of the Dungeon)

   Dex+3:     It affects your dexterity (+3).
   Will+:     It increases your willpower.
   rCorr:     It protects you from acid and corrosion.
 M - a +4 broad axe of freezing (weapon)
Missiles
 v - 17 javelins
Armour
 b - a +0 crystal plate armour (worn)
 p - the +0 helmet "Mumoxke" (worn) {rC+ Will+ Dex+3 Stlth+}
   (You bought it in a shop on level 2 of the Orcish Mines)

   Dex+3:     It affects your dexterity (+3).
   rC+:       It protects you from cold.
   Will+:     It increases your willpower.
   Stlth+:    It makes you more stealthy.
 y - a scarf of resistance (worn)
 A - a +1 cloak of willpower
 B - a +0 kite shield (worn)
 D - a +1 pair of gloves of hurling (worn)
 F - a +1 plate armour of willpower
 P - the +0 mask of the Dragon {Will+ Slay+3 SInv}
   (You found it in the Desolation of Salt)

   Slay+3:    It affects your accuracy & damage with ranged weapons and melee
   (+3).
   Will+:     It increases your willpower.
   SInv:      It lets you see invisible.
 Q - a +1 pair of boots (worn)
Jewellery
 c - a +6 ring of strength
 j - the ring "Xowkumarph" (right hand) {rElec MP+9 Slay+4}
   (You acquired it in a Gauntlet)

   [ring of slaying]

   Slay+4:    It affects your accuracy & damage with ranged weapons and melee
   (+4).
   rElec:     It insulates you from electricity.
   MP+9:      It affects your magic capacity (+9).
 r - a +5 ring of evasion (left hand)
 t - a ring of willpower
 E - a ring of protection from cold
 H - an amulet of reflection (around neck)
 I - the ring of the Chimera {Fly rN+ Will+}
   (You took it off a naga ritualist on level 3 of the Snake Pit)

   [ring of flight]

   rN+:       It protects you from negative energy.
   Will+:     It increases your willpower.
   Fly:       It grants you flight.
 T - the ring "Qatoshir" {Str+5 SInv}
   (You found it in the Desolation of Salt)

   [ring of see invisible]

   Str+5:     It affects your strength (+5).
   SInv:      It lets you see invisible.
 V - a +5 ring of evasion
 W - a ring of protection from fire
 Z - a ring of resist corrosion
Wands
 a - a wand of roots (24)
 h - a wand of light (28)
 o - a wand of digging (13)
 u - a wand of flame (99)
Scrolls
 g - 10 scrolls of blinking
 l - 7 scrolls of immolation
 n - 14 scrolls of fear
 q - 2 scrolls of brand weapon
 x - 9 scrolls of fog
 z - 4 scrolls of poison
 C - a scroll of torment
 G - 25 scrolls of teleportation
 J - 2 scrolls of enchant weapon
 L - 7 scrolls of enchant armour
 O - 2 scrolls of summoning
 S - 5 scrolls of revelation
 X - 3 scrolls of vulnerability
 Y - 6 scrolls of silence
Potions
 d - 8 potions of ambrosia
 e - 5 potions of haste
 f - 4 potions of brilliance
 i - a potion of might
 m - 9 potions of enlightenment
 s - 8 potions of heal wounds
 w - 4 potions of resistance
 K - 3 potions of invisibility
 N - 3 potions of magic
 R - 4 potions of attraction
 U - 15 potions of curing


   Skills:
 + Level 21.3 Fighting
 - Level 15.7(16.0) Axes
 - Level 4.8(11.3) Maces & Flails
 + Level 21.2 Armour
 + Level 9.9 Dodging
 - Level 18.0 Shields
 * Level 22.6 Invocations


You had 22 spell levels left.
You didn't know any spells.
Your spell library contained the following spells:

 Spells                   Type           Power      Damage    Failure   Level
 Apportation              Tloc           0%         N/A       100%        1
 Foxfire                  Conj/Fire      0%         2x1d4     100%        1
 Freeze                   Ice            0%         1d3       100%        1
 Kiss of Death            Conj/Necr      0%         2d5       100%        1
 Necrotise                Necr           0%         1d4       100%        1
 Sandblast                Erth           0%         2d4       100%        1
 Shock                    Conj/Air       0%         1d3       100%        1
 Summon Small Mammal      Summ           0%         N/A       100%        1
 Lesser Beckoning         Tloc           0%         N/A       100%        2
 Scorch                   Fire           0%         2d5       100%        2
 Call Canine Familiar     Summ           0%         N/A       100%        3
 Frozen Ramparts          Ice            0%         1d1       100%        3
 Gell's Gravitas          Tloc           0%         N/A       100%        3
 Hailstorm                Conj/Ice       0%         3d3       100%        3
 Inner Flame              Hex/Fire       0%         N/A       100%        3
 Ozocubu's Armour         Ice            0%         N/A       100%        3
 Portal Projectile        Hex/Tloc       0%         N/A       100%        3
 Summon Guardian Golem    Hex/Summ       0%         N/A       100%        3
 Swiftness                Air            0%         N/A       100%        3
 Teleport Other           Tloc           0%         N/A       100%        3
 Airstrike                Air            0%         2d(0-16)  100%        4
 Flame Wave               Conj/Fire      0%         2d4       100%        4
 Leda's Liquefaction      Hex/Erth       0%         N/A       100%        4
 Manifold Assault         Tloc           0%         N/A       100%        4
 Olgreb's Toxic Radiance  Pois           0%         N/A       100%        4
 Petrify                  Tmut/Erth      0%         N/A       100%        4
 Sticky Flame             Conj/Fire      0%         2d3       100%        4
 Alistair's Intoxication  Tmut/Pois      0%         N/A       100%        5
 Irradiate                Conj/Tmut      0%         3d11      100%        5
 Lee's Rapid Deconstruct  Erth           0%         3d4*      100%        5
 Metabolic Englaciation   Hex/Ice        0%         N/A       100%        5
 Summon Forest            Summ/Tloc      0%         N/A       100%        5
 Yara's Violent Unravell  Hex/Tmut       0%         3d3       100%        5
 Death Channel            Necr           0%         N/A       100%        6
 Dispersal                Tloc           0%         N/A       100%        6
 Eringya's Noxious Bog    Tmut/Pois      0%         4d6       100%        6
 Leda's Unmaking          Conj/Erth      0%         9d1       100%        6
 Plasma Beam              Fire/Air       0%         2x1d10    100%        6
 Starburst                Conj/Fire      0%         6d3       100%        6
 Summon Cactus Giant      Summ           0%         N/A       100%        6
 Enfeeble                 Hex            0%         N/A       100%        7
 Malign Gateway           Summ/Tloc      0%         N/A       100%        7
 Ozocubu's Refrigeration  Ice            0%         4d7       100%        7
 Summon Hydra             Summ           0%         N/A       100%        7
 Discord                  Hex            0%         N/A       100%        8
 Disjunction              Tloc           0%         N/A       100%        8
 Ignition                 Fire           0%         3d3       100%        8
 Infestation              Necr           0%         N/A       100%        8
 Summon Horrible Things   Summ           0%         N/A       100%        8
 Wereblood                Tmut           Unusable   N/A       N/A         2
 Borgnjor's Revivificati  Necr           Unusable   N/A       N/A         8

Dungeon Overview and Level Annotations

Branches:
Dungeon (15/15)            Temple (1/1) D:5            Lair (5/5) D:11
 Shoals (4/4) Lair:3        Snake (4/4) Lair:2        Slime (0/5) Lair:5
    Orc (2/2) D:11            Elf (3/3) Orc:2        Vaults (5/5) D:13
  Crypt (1/3) Vaults:2     Depths (0/4) D:15          Sewer (visited)
  IceCv (visited)         Desolation (visited)      Gauntlet (visited)

Altars:
Ashenzari
Cheibriados
Dithmenos
Fedhas
Gozag
Hepliaklqana
Kikubaaqudgha
Makhleb
Okawaru
Qazlal
Ru
Sif Muna
Trog
Uskayaw
Vehumet
Wu Jian
Xom
Yredelemnul
Jiyva
Lugonu

Shops:
D:3 !   D:6 [   D:11 [   D:15 :   Orc:2 :*:[(   Elf:2 *   Elf:3 (   Shoals:2 ?
Snake:1 **!*   Snake:4 (![   Vaults:2 =   Vaults:4 [

Portals:
Abyss: Lair:5

Annotations:
D:9 exclusion: door
Crypt:2 Jory, Mennas


Innate Abilities, Weirdness & Mutations

You are immune to poison.
You have sharp fingernails.
Your flesh is cold resistant. (rC+)
You are immune to negative energy. (rN+++)
You do not regenerate when monsters are visible.
You are immune to unholy pain and torment.
You thrive by killing the living.


Message History

Mennas blocks your attack.
Mennas is heavily wounded.
You hit the fire crab zombie.
Mennas hits you with a +1 sacred scourge of holy wrath!
You convulse!!
Mennas hits you but does no damage. Mennas blocks your attack.
Mennas is heavily wounded.
You slash the fire crab zombie!
You destroy the fire crab zombie!
Qazlal accepts your kill.
Mennas gestures frantically.
You resist with almost no effort. Mennas blocks your attack.
Mennas is heavily wounded.
Mennas gestures frantically.
You are confused.
Mennas looks to the heavens.
Mennas gestures frantically.
Mennas's surroundings become eerily quiet.
Unknown command.
Okay, then.
Unknown command.
You completely miss Mennas.
Mennas is moderately wounded.
Mennas hits you but does no damage. Mennas barely misses you.
Mennas closely misses you. Mennas misses you.
Mennas hits you with a +1 sacred scourge of holy wrath!!
You feel more protected from physical attacks.
You convulse!!
* * * LOW HITPOINT WARNING * * *
Mennas hits you but does no damage. Mennas hits you but does no damage. x2
You're too confused to move!
Mennas hits you with a +1 sacred scourge of holy wrath!!
* * * LOW HITPOINT WARNING * * *
You feel more protected from physical attacks.
You convulse!
* * * LOW HITPOINT WARNING * * *
Mennas completely misses you.
Mennas hits you with a +1 sacred scourge of holy wrath!
You die...

################ ################
################
####################
#...#####.○.#...#### ## ###
#...#####....§..#### #.
..####..)#####..@.°§.###########.
..#......[......○A[°^............
..#.....#########§○......#######.
..#.....#########........# #.
..#..###############....## ##
..#..# #########......# #.#..#
#########......# #.#..#
#########...#### .....#
################


You could see Mennas (silencing).

Vanquished Creatures
  A caustic shrike (shapeshifter) (Vaults:2)
  A deep elf blademaster (Elf:3)
  4 sphinxes
  2 deep elf master archers (Elf:3)
  Gastronok (Lair:3)
  2 ancient champions (Crypt:1)
  Donald (Vaults:2)
  Kirke (D:14)
  4 krakens
  Aizul (Snake:1)
  2 tengu reavers (Vaults:1)
  5 nagarajas
  7 deep elf sorcerers (Elf:3)
  An iron dragon (Vaults:1)
  14 vault wardens
  2 imperial myrmidons (Desolation)
  2 frost giants (IceCv)
  7 deep elf elementalists (Elf:3)
  An orc warlord (Vaults:4)
  18 ironbound preservers
  A reaper (Crypt:1)
  3 formless jellyfish
  6 deep elf demonologists (Elf:3)
  3 vampire knights (Crypt:1)
  3 very ugly things (Vaults:1)
  A stone giant (Vaults:3)
  9 ironbound thunderhulks
  7 deep elf annihilators
  An eleionoma (shapeshifter) (D:13)
  3 minotaurs
  A white draconian (IceCv)
  3 halazid warlocks (Desolation)
  16 dire elephants
  An eidolon (Crypt:1)
  6 deep elf death magi
  A merfolk javelineer (Shoals:4)
  2 crystal guardians
  8 merfolk impalers
  An ettin (shapeshifter) (Vaults:2)
  A great orb of eyes (shapeshifter) (Vaults:2)
  A fire dragon (D:14)
  3 deep elf high priests (Elf:3)
  A spriggan zombie (Crypt:2)
  An entropy weaver (Vaults:3)
  9 great orbs of eyes
  15 yaktaur captains
  3 ragged hierophants (Desolation)
  5 jiangshi (Crypt:2)
  31 vault guards
  5 hydras
  5 peacekeepers (Desolation)
  3 salamander tyrants (Snake:4)
  An alligator snapping turtle (Shoals:4)
  9 servants of whispers
  14 anacondas
  12 ironbound frosthearts
  A death knight (D:15)
  18 centaur warriors
  The ghost of Scrael the Carver, a journeyman DsGl of Kikubaaqudgha (D:12)
  2 catoblepae
  8 boulder beetles
  4 merfolk avatars
  27 dancing weapons
  2 merfolk aquamancers
  2 sphinx skeletons (Vaults:2)
  3 two-headed ogres
  12 naga warriors
  8 satyrs (Shoals:4)
  A tengu warrior (D:15)
  2 vampire magi (Crypt:2)
  5 death yaks
  6 naga sharpshooters
  4 thrashing horrors (Lair:5)
  8 shock serpents
  An orc high priest (Orc:2)
  A storm dragon zombie (Crypt:1)
  12 deep elf knights
  4 skysharks
  A titan skeleton (Vaults:2)
  30 skeletal warriors
  Nergalle (Orc:2)
  A soul eater (Crypt:1)
  A fire crab (Gauntlet)
  7 salamander mystics
  Lodul (D:11)
  10 sea snakes
  A death drake (shapeshifter) (Elf:2)
  20 naga ritualists
  An anaconda zombie (Crypt:2)
  9 deep elf archers
  46 deep trolls
  An orange crystal statue (IceCv)
  6 wizards
  A spriggan simulacrum (Crypt:1)
  7 lindwurms
  22 deep elf pyromancers
  21 ironbound convokers
  5 phantasmal warriors
  9 necromancers
  22 harpies
  40 ugly things
  27 deep elf zephyrmancers
  2 orc sorcerers (Orc:2)
  18 mana vipers
  7 orc knights
  24 salamanders
  17 elephants
  15 manticores
  5 fauns (Shoals:4)
  A tengu skeleton (Vaults:2)
  2 frost giant skeletons (Vaults:2)
  3 merfolk sirens
  2 cyclopes
  2 stone giant skeletons (Vaults:2)
  40 black mambas
  A fire giant skeleton (Vaults:2)
  A guardian serpent (shapeshifter) (D:14)
  8 guardian serpents
  8 naga magi
  6 water nymphs
  2 centaur zombies (D:15)
  Maurice (D:13)
  A smoke demon (Lair:5)
  A molten gargoyle (Desolation)
  3 gargoyles
  2 torpor snails
  13 vault sentinels
  A black mamba (shapeshifter) (Lair:5)
  10 cane toads
  3 orange demons (Elf:3)
  An unseen horror zombie (Crypt:2)
  A centaur skeleton (D:15)
  An unseen horror (D:12)
  5 freezing wraiths
  14 rime drakes
  A kobold demonologist (D:9)
  An alligator snapping turtle skeleton (Crypt:2)
  An orc skeleton (Crypt:1)
  7 komodo dragons
  A harpy zombie (Crypt:2)
  An efreet (Gauntlet)
  57 yaktaurs
  A yaktaur skeleton (Vaults:2)
  A tengu conjurer (D:15)
  A troll (shapeshifter) (D:9)
  16 polar bears
  2 swamp worm zombies (Crypt:2)
  4 meliai
  A queen bee (D:12)
  24 merfolk
  A meliai (shapeshifter) (D:9)
  4 wind drakes
  10 trolls
  Grinder (D:4)
  45 saltlings
  A hornet (D:11)
  A harpy skeleton (Crypt:1)
  A wolf spider simulacrum (D:15)
  29 blink frogs
  A dream sheep (shapeshifter) (Elf:2)
  2 raiju (Lair:5)
  29 slime creatures
  15 snapping turtles
  2 tarantellas (shapeshifter) (Vaults:2)
  A jumping spider (shapeshifter) (D:15)
  7 dream sheep
  A deep troll skeleton (Vaults:2)
  A centaur simulacrum (D:15)
  2 spriggans (Lair:5)
  Sigmund (D:4)
  9 small abominations (Lair:5)
  2 vampires
  2 ynoxinuls (Lair:5)
  15 water elementals
  2 air elementals
  4 wraiths
  4 fire elementals
  21 humans
  37 yaks
  3 wyverns
  2 fire bats (Gauntlet)
  A steam dragon (D:8)
  A black mamba skeleton (Crypt:2)
  A vampire mosquito (D:13)
  3 chaos spawn (Lair:5)
  3 large abominations
  6 basilisks
  5 wargs
  A merfolk zombie (Crypt:1)
  2 acid dragons (D:13)
  34 nagas
  7 water moccasins
  Duvessa (D:6)
  A glowing shapeshifter skeleton (Vaults:2)
  3 hell hounds (Gauntlet)
  2 ice beasts
  A manticore zombie (Crypt:2)
  36 orc warriors
  A black bear (Lair:1)
  9 ogres (D:11)
  A sky beast (D:6)
  15 wolves
  The ghost of Scrael the Slasher, an amateur DsGl of Okawaru (D:3)
  10 centaurs
  2 human skeletons (Vaults:2)
  2 phantoms
  6 kobold brigands
  2 elf zombies (Elf:1)
  A fire crab zombie (Crypt:2)
  A salamander zombie (Crypt:1)
  14 bullfrogs
  4 gnoll sergeants
  8 scorpions
  An earth elemental (Elf:1)
  10 wights
  Dowan (D:6)
  A hornet simulacrum (D:14)
  18 killer bees
  3 electric eels
  8 howler monkeys
  A crimson imp (D:10)
  A hound (D:5)
  2 jellies
  18 orc priests
  2 sleepcaps
  Ijyb (D:5)
  2 iguanas
  26 orc wizards
  A sky beast zombie (Crypt:2)
  A hound skeleton (Crypt:1)
  Robin (D:1)
  20 gnolls
  A howler monkey skeleton (Crypt:1)
  14 adders
  2 river rats (Sewer)
  A shadow imp (D:7)
  A white imp (D:5)
  2 ufetubi
  A worm (D:4)
  8 dart slugs
  89 orcs
  5 bats
  8 endoplasms
  12 giant cockroaches
  12 goblins
  9 hobgoblins
  8 jackals
  25 kobolds
  3 quokkas
  12 ball pythons
  A ball python skeleton (Crypt:2)
  10 frilled lizards
  A kobold skeleton (Crypt:1)
  13 rats
  A spectral weapon (Lair:3)
  11 tentacles
1843 creatures vanquished.

Vanquished Creatures (collateral kills)
  Saint Roka (Orc:2)
  A deep elf blademaster (Elf:3)
  A tengu reaver (D:13)
  A vault warden (Vaults:1)
  An orc warlord (D:13)
  3 orc knights (Orc:2)
  3 ugly things (D:14)
  A mana viper (Snake:1)
  A salamander (shapeshifter) (D:14)
  A vault sentinel (Vaults:1)
  A warg (Orc:2)
  3 orc warriors (Orc:2)
  An orc priest (Orc:2)
  4 orc wizards (Orc:2)
  3 orcs (Orc:2)
26 creatures vanquished.

Vanquished Creatures (others)
  A deep elf annihilator (Elf:3)
  2 deep elf knights (Elf:2)
  A deep elf zephyrmancer (Elf:2)
  A deep elf pyromancer (Elf:2)
  2 spectral weapons
  11 tentacles
18 creatures vanquished.

Grand Total: 1887 creatures vanquished

Notes
Turn   | Place    | Note
-------+----------+-------------------------------------------
     0 | D:1      | MacCMillion the Ghoul Fighter began the quest for the Orb.
     0 | D:1      | Reached XP level 1. HP: 19/19 MP: 0/0
    63 | D:1      | Found a faded altar of an unknown god.
   144 | D:1      | Reached XP level 2. HP: 26/26 MP: 1/1
   542 | D:1      | Reached XP level 3. HP: 27/31 MP: 2/2
  1149 | D:2      | Identified the +7 mace "Oniuj" {spect, Will+ rCorr Dex+3}
  1257 | D:2      | Noticed Robin
  1339 | D:1      | Killed Robin
  1340 | D:1      | Reached XP level 4. HP: 38/38 MP: 3/3
  1453 | D:2      | Reached skill level 1 in Maces & Flails
  1848 | D:2      | You fall into a shaft and drop 2 floors!
  1930 | D:4      | Noticed Sigmund
  1988 | D:4      | Identified the +10 short sword of the Last Dances {venom,
                  | rElec Will+ Int-3 SInv}
  2008 | D:4      | Killed Sigmund
  2009 | D:4      | Reached XP level 5. HP: 26/45 MP: 4/4
  2009 | D:4      | Reached XP level 6. HP: 29/51 MP: 5/5
  2417 | D:3      | Found Oczeraq's Distillery.
  2424 | D:3      | Bought a potion of heal wounds for 50 gold pieces
  2491 | D:3      | Found a runed translucent gate.
  2547 | D:3      | Found a runed translucent gate.
  2547 | D:3      | Found a runed translucent gate.
  2548 | D:3      | Noticed Scrael's ghost (amateur DsGl)
  2549 | D:3      | Identified the +0 leather armour "Pumib" {Harm +Inv rN+
                  | SInv}
  2771 | D:3      | Reached XP level 7. HP: 57/57 MP: 6/6
  2921 | D:3      | Identified the +7 falchion of Qazlal's Scorn {freeze, Str+6
                  | Stlth+}
  3654 | D:3      | Found the +1 Delatra's gloves {ID++}
  4506 | D:4      | Noticed Grinder
  4518 | D:4      | Killed Grinder
  4519 | D:4      | Reached skill level 5 in Axes
  4954 | D:5      | Entered Level 5 of the Dungeon
  4981 | D:5      | Reached XP level 8. HP: 63/63 MP: 7/7
  5159 | D:5      | Noticed Ijyb
  5180 | D:5      | Killed Ijyb
  5204 | D:5      | Found a glowing drain.
  5218 | Sewer    | Entered a sewer
  6221 | D:5      | Reached XP level 9. HP: 41/70 MP: 8/8
  6533 | D:5      | Found a staircase to the Ecumenical Temple.
  6609 | Temple   | Entered the Ecumenical Temple
  7160 | D:6      | Found Zicoet's Antique Armour Shop.
  7645 | D:6      | Noticed Duvessa
  7646 | D:6      | Noticed Dowan
  7655 | D:6      | Killed Duvessa
  7658 | D:6      | Killed Dowan
  7672 | D:6      | Identified the +10 sling "Dumnirhi" {heavy, Will+ Dex+3}
  8617 | D:7      | Identified the +1 robe of Altruism {rPois}
  8730 | D:7      | Reached skill level 5 in Fighting
  8959 | D:7      | Reached skill level 10 in Axes
  9591 | D:8      | Reached XP level 10. HP: 82/82 MP: 9/9
 10077 | D:8      | Identified the +3 scale mail "Oregy" {Fly rPois Str+4}
 10127 | D:8      | Reached skill level 5 in Armour
 10322 | D:8      | Found a blossoming altar of Fedhas.
 10322 | D:8      | Found a bloodstained altar of Trog.
 10324 | D:8      | Found a shimmering blue altar of Sif Muna.
 10324 | D:8      | Found a stormy altar of Qazlal.
 10325 | D:8      | Found a radiant altar of Vehumet.
 10856 | D:8      | Became a worshipper of Qazlal Stormbringer
 10873 | D:9      | Noticed a kobold demonologist
 10887 | D:9      | Killed a kobold demonologist
 10888 | D:9      | Reached skill level 1 in Invocations
 10984 | D:9      | Reached skill level 2 in Invocations
 11079 | D:9      | Reached skill level 3 in Invocations
 11133 | D:9      | Noticed a cyclops
 11133 | D:9      | Noticed a wolf spider
 11222 | D:9      | Reached skill level 4 in Invocations
 11226 | D:9      | Reached * piety under Qazlal
 11276 | D:9      | Identified 2 scrolls of acquirement
 11276 | D:9      | Acquired 564 gold pieces
 11278 | D:9      | Acquired a +4 broad axe of freezing
 11640 | D:9      | Found an ornate altar of the Wu Jian Council.
 11737 | D:10     | Entered Level 10 of the Dungeon
 11938 | D:3      | Killed Scrael's ghost
 12088 | D:10     | Found a shimmering altar of Xom.
 12088 | D:10     | Found a burning altar of Makhleb.
 12167 | D:10     | Reached XP level 11. HP: 84/92 MP: 13/13
 12184 | D:10     | Reached ** piety under Qazlal
 12230 | D:10     | Reached skill level 5 in Invocations
 12339 | D:10     | Found an iron altar of Okawaru.
 12728 | D:11     | Reached skill level 6 in Invocations
 12835 | D:11     | Noticed Lodul
 12951 | D:11     | Found a gate leading to a gauntlet.
 12955 | Gauntlet | Entered a Gauntlet
 12955 | Gauntlet | Noticed a fire crab
 12955 | Gauntlet | Noticed a spectral death yak
 12955 | Gauntlet | Found a transporter.
 12955 | Gauntlet | Found a transporter.
 12957 | Gauntlet | Noticed a death scarab
 12965 | Gauntlet | Found a transporter.
 12969 | Gauntlet | Found a transporter.
 12977 | Gauntlet | Found a transporter.
 12977 | Gauntlet | Noticed a sixfirhy
 12981 | Gauntlet | Found a transporter.
 12989 | Gauntlet | Found a transporter.
 13004 | Gauntlet | Found a runed translucent gate.
 13005 | Gauntlet | Found a transporter.
 13005 | Gauntlet | Found a runed translucent gate.
 13006 | Gauntlet | Found a runed translucent gate.
 13019 | Gauntlet | Found a transporter.
 13023 | Gauntlet | Found a transporter.
 13023 | Gauntlet | Noticed a catoblepas
 13025 | Gauntlet | Found a runed translucent door.
 13027 | Gauntlet | Found a runed translucent door.
 13031 | Gauntlet | Found a transporter.
 13035 | Gauntlet | Found a transporter.
 13090 | Gauntlet | Reached skill level 7 in Invocations
 13091 | Gauntlet | Killed a fire crab
 13155 | Gauntlet | Killed a catoblepas
 13209 | Gauntlet | Acquired 807 gold pieces
 13211 | Gauntlet | Acquired the ring "Xowkumarph" {rElec MP+9 Slay+4}
 13250 | Gauntlet | Reached skill level 8 in Invocations
 13468 | Gauntlet | Identified the +1 cloak of Hubris {MP+9 Dex+2 Stlth+}
 13477 | Gauntlet | Identified the +6 rapier "Puphad" {heavy, rPois rF- Int+2}
 13477 | Gauntlet | Noticed a minotaur
 13490 | Gauntlet | Killed a minotaur
 13491 | Gauntlet | Reached XP level 12. HP: 38/103 MP: 17/17
 13853 | D:11     | Killed Lodul
 13865 | D:11     | Reached *** piety under Qazlal
 13966 | D:11     | Found a staircase to the Lair.
 14019 | D:11     | Found Jamaiqor's Armour Shop.
 14019 | D:11     | Found a staircase to the Orcish Mines.
 14275 | Lair:1   | Entered Level 1 of the Lair of Beasts
 14814 | Lair:1   | Reached skill level 9 in Invocations
 15298 | Lair:2   | Reached skill level 5 in Shields
 15334 | Lair:2   | Found a staircase to the Snake Pit.
 15494 | Lair:2   | Noticed a six-headed hydra
 15508 | Lair:2   | Killed a six-headed hydra
 15618 | Lair:2   | Reached skill level 10 in Fighting
 16194 | Lair:3   | Noticed a seven-headed hydra
 16202 | Lair:2   | Killed a seven-headed hydra
 16232 | Lair:3   | Noticed a skyshark
 16237 | Lair:2   | Reached **** piety under Qazlal
 16239 | Lair:2   | Reached XP level 13. HP: 113/113 MP: 19/19
 16415 | Lair:2   | Reached skill level 10 in Invocations
 16888 | Lair:3   | Found a staircase to the Shoals.
 17085 | Lair:3   | Noticed Gastronok
 17122 | Lair:3   | Killed Gastronok
 17523 | Lair:3   | Reached skill level 10 in Armour
 17731 | Lair:4   | Reached XP level 14. HP: 118/121 MP: 20/20
 17735 | Lair:4   | Reached ***** piety under Qazlal
 18450 | Lair:5   | Entered Level 5 of the Lair of Beasts
 18865 | Lair:5   | Identified the +7 quarterstaff of Tyt Ymuxach {drain,
                  | +Blink Will+ Int-5 Dex+3}
 19139 | Lair:5   | Found a staircase to the Slime Pits.
 19139 | Lair:5   | Found a viscous altar of Jiyva.
 19235 | Lair:5   | Reached skill level 10 in Shields
 19705 | Lair:5   | Found a corrupted altar of Lugonu.
 19705 | Lair:5   | Found a one-way gate to the infinite horrors of the Abyss.
 20511 | Orc:1    | Entered Level 1 of the Orcish Mines
 20634 | Orc:1    | Reached skill level 15 in Axes
 20841 | Orc:2    | Entered Level 2 of the Orcish Mines
 20947 | Orc:2    | Reached ****** piety under Qazlal
 20960 | Orc:2    | Noticed Nergalle
 20965 | Orc:2    | Reached XP level 15. HP: 126/126 MP: 16/21
 20971 | Orc:2    | Noticed Saint Roka
 20984 | Orc:2    | Killed Nergalle
 20998 | Orc:2    | Killed Saint Roka
 21819 | Orc:2    | Found Memaasyi's Self-Improvement Boutique.
 21835 | Orc:2    | Bought a manual of Fighting for 1360 gold pieces
 21870 | Orc:2    | Found a staircase to the Elven Halls.
 21904 | Orc:2    | Found Usahoc's General Store.
 21952 | Orc:2    | Bought a potion of degeneration for 16 gold pieces
 21952 | Orc:2    | Bought a scroll of identify for 32 gold pieces
 21952 | Orc:2    | Bought a scroll of identify for 32 gold pieces
 21964 | Orc:2    | Found Iqeit's Book Emporium.
 21971 | Orc:2    | Bought a manual of Invocations for 800 gold pieces
 22027 | Orc:2    | Found Dixeeth's Antique Armour Emporium.
 22033 | Orc:2    | Bought a scorched helmet for 247 gold pieces
 22033 | Orc:2    | Identified the +0 helmet "Mumoxke" {rC+ Will+ Dex+3 Stlth+}
                  | (You bought it in a shop on level 2 of the Orcish Mines)
 22054 | Orc:2    | Found Hylikk's Antique Weapon Emporium.
 22871 | D:12     | Reached skill level 11 in Invocations
 22932 | D:12     | Found a runed translucent door.
 22932 | D:12     | Noticed Scrael's ghost (journeyman DsGl)
 23153 | D:12     | Killed Scrael's ghost
 23615 | D:13     | Noticed Maurice
 23622 | D:13     | Killed Maurice
 24569 | D:13     | Noticed a tengu reaver
 24595 | D:13     | Killed a tengu reaver
 24596 | D:13     | Reached skill level 12 in Invocations
 24618 | D:13     | Noticed an orc warlord
 24626 | D:13     | Killed an orc warlord
 24815 | D:13     | a formless jellyfish changed into an azure jelly
 24815 | D:13     | Noticed an azure jelly (glowing shapeshifter)
 24818 | D:13     | an azure jelly changed into a frost giant
 24818 | D:13     | Noticed a frost giant (glowing shapeshifter)
 24821 | D:13     | a frost giant changed into an eleionoma
 24826 | D:13     | Reached XP level 16. HP: 141/141 MP: 24/24
 25130 | D:13     | Found a gate to the Vaults.
 25384 | D:14     | Identified the +8 trident of Profit {heavy, rElec Stlth+}
 25402 | D:14     | Noticed Kirke
 25408 | D:14     | Killed Kirke
 25529 | D:14     | Reached skill level 13 in Invocations
 25827 | D:14     | Found a blossoming altar of Fedhas.
 26109 | D:15     | Entered Level 15 of the Dungeon
 26515 | D:15     | Found Yrphearu's Self-Published Books.
 26768 | D:15     | Reached skill level 14 in Invocations
 26994 | D:15     | Found a staircase to the Depths.
 27308 | Snake:1  | Entered Level 1 of the Snake Pit
 27559 | Snake:1  | Identified the +3 triple crossbow "Widowermaker" {elec,
                  | rElec}
 27575 | Snake:1  | Noticed Aizul
 27592 | Snake:1  | Reached skill level 15 in Invocations
 27604 | Snake:1  | Killed Aizul
 27605 | Snake:1  | Reached skill level 15 in Fighting
 27605 | Snake:1  | Reached XP level 17. HP: 123/156 MP: 22/27
 27969 | Snake:1  | Found Enwyffu's Distillery.
 27969 | Snake:1  | Found Ronoawim's Assorted Antiques.
 27970 | Snake:1  | Found Zair Fuo's General Store.
 27974 | Snake:1  | Found Cumasunu's General Store.
 28975 | Snake:2  | Found a frozen archway.
 28992 | IceCv    | Entered an ice cave
 29152 | IceCv    | Reached skill level 16 in Invocations
 30848 | Snake:3  | Reached skill level 17 in Invocations
 31160 | Snake:3  | Found a broken altar of Ashenzari.
 31797 | Snake:3  | Identified the ring of the Chimera {Fly rN+ Will+}
 31816 | Snake:3  | Reached XP level 18. HP: 157/168 MP: 29/29
 32179 | Snake:4  | Entered Level 4 of the Snake Pit
 33079 | Snake:4  | Reached skill level 18 in Invocations
 33566 | Snake:4  | Found Kuuceaps's Antique Armour Shop.
 33566 | Snake:4  | Found Fahaofre's Distillery.
 33570 | Snake:4  | Found Ilyl's Antique Weapon Shop.
 33574 | Snake:4  | Bought a pair of glowing gloves for 277 gold pieces
 34094 | Snake:4  | Got a serpentine rune of Zot
 34414 | Shoals:1 | Entered Level 1 of the Shoals
 34749 | Shoals:1 | Reached XP level 19. HP: 178/179 MP: 31/31
 34866 | Shoals:1 | Identified the +1 hand axe "Cuoracs" {drain, *Noise rElec
                  | Will++ Str+2}
 36005 | Shoals:2 | Found Relifopt's Magic Scroll Emporium.
 36022 | Shoals:2 | Bought a scroll of acquirement for 780 gold pieces
 36024 | Shoals:2 | Acquired 355 gold pieces
 36962 | Shoals:3 | Reached skill level 15 in Shields
 37377 | Shoals:4 | Entered Level 4 of the Shoals
 37386 | Shoals:4 | Reached skill level 19 in Invocations
 38394 | Shoals:4 | Reached skill level 15 in Armour
 38574 | Shoals:4 | Identified the ring of Hugge {Fire *Corrode Int+3 Dex+4}
 38751 | Shoals:4 | Got a barnacled rune of Zot
 39192 | Elf:1    | Entered Level 1 of the Elven Halls
 39194 | Elf:1    | Paralysed by an air elemental for 1 turns
 39735 | Elf:1    | Got the Textbook on Blasphemous Spells
 40126 | Elf:1    | Reached XP level 20. HP: 191/191 MP: 32/32
 41130 | Elf:2    | Found Nimif's General Store.
 41368 | Elf:2    | Found a runed translucent gate.
 41368 | Elf:2    | Found a runed translucent gate.
 41368 | Elf:2    | Found a runed translucent gate.
 42075 | Elf:2    | Reached skill level 20 in Invocations
 43026 | Elf:3    | Entered Level 3 of the Elven Halls
 44474 | Elf:3    | Found Inacrae's Antique Weapon Shoppe.
 45142 | Elf:3    | Identified the +10 quarterstaff of Wejoummakh {venom,
                  | Dex+8}
 45146 | Elf:3    | Noticed a Tzitzimitl
 45678 | Elf:3    | Identified the +7 double sword of the Scorching Gods
                  | {protect, rPois rF- Dex+2}
 45678 | Elf:3    | Identified the ring of Xom's Flight of Fancy {Will+ Int+2}
 45698 | Elf:3    | Identified the +2 robe "Canoom" {rF+ Will+ rCorr Dex+3}
 45705 | Elf:3    | Reached XP level 21. HP: 179/201 MP: 34/34
 46340 | Elf:3    | Identified the staff of Gallantry {rElec rC+ Int+2 Air}
 46342 | Elf:3    | Got the Parchment of Decaying Minerals
 46389 | Elf:3    | Identified the staff of Prudence {rC+ rN+ Ice}
 46842 | Vaults:1 | Entered Level 1 of the Vaults
 47453 | Vaults:1 | Found a crumbling gateway.
 47519 | Desolati | Entered the Desolation of Salt
 47910 | Desolati | Found the +0 mask of the Dragon {Will+ Slay+3 SInv}
 48313 | Desolati | Identified the +5 orcbow of the Snake Pit {flame, +Blink
                  | Will- Str+5}
 48314 | Desolati | Identified the +5 halberd of the Modern Wishes {heavy, rC+
                  | Stlth+}
 48319 | Desolati | Identified the +4 ring mail of Rihoolluac {Str+2}
 48519 | Desolati | Identified the ring "Qatoshir" {Str+5 SInv}
 48540 | Desolati | Identified the +6 falchion "Puhaum" {speed, Will+ Dex+4}
 48623 | Desolati | Identified the +0 robe "Jistameo" {rPois rCorr Stlth+}
 48756 | Desolati | Identified the ring of Happiness {Fire Str+2 SInv}
 49260 | Vaults:1 | Acquired a manual of Armour
 49914 | Vaults:2 | Reached XP level 22. HP: 209/209 MP: 35/35
 50222 | Vaults:2 | Noticed Donald
 50239 | Vaults:2 | Killed Donald
 50311 | Vaults:2 | Reached skill level 1 in Dodging
 51045 | Vaults:2 | a shadow dragon changed into a caustic shrike
 51045 | Vaults:2 | Noticed a caustic shrike (glowing shapeshifter)
 51050 | Vaults:2 | Killed a caustic shrike
 51304 | Vaults:2 | Found Pusugir's Jewellery Shoppe.
 51595 | Vaults:2 | Found a staircase to the Crypt.
 52049 | Vaults:3 | Reached skill level 5 in Dodging
 52156 | Vaults:3 | Reached skill level 21 in Invocations
 52344 | Vaults:3 | You fall into a shaft and drop 1 floor!
 52382 | Vaults:4 | Reached XP level 23. HP: 217/217 MP: 36/36
 53198 | Vaults:4 | Found Cousseiq's Armour Shop.
 53669 | Vaults:5 | Entered Level 5 of the Vaults
 53671 | Vaults:5 | Reached skill level 22 in Invocations
 53856 | Crypt:1  | Entered Level 1 of the Crypt
 54573 | Crypt:1  | You fall into a shaft and drop 1 floor!
 54679 | Crypt:2  | Noticed Mennas
 54767 | Crypt:2  | Noticed Jory
 55481 | Crypt:2  | HP: 2/220 [Mennas/+1 sacred scourge of holy wrath (16)]
 55481 | Crypt:2  | Mangled by Mennas

Illustrated notes

Levels and vault maps discovered:
D:1:      lemuel_arrival_tunnels, layout_basic,
          dreamdust_ecumenical_altar_angels_and_demons,
          amcnicky_mini_pool_small, hangedman_abyss_or_decor_lesser_grid,
          minmay_pentomino_r2
D:2:      layout_basic, uniq_robin
D:3:      minmay_bubble_buster, layout_basic, serial_shops,
          nicolae_shop_tiny_glass, biasface_ghost_orc_armoury,
          pf_guarded_unrand_delatra
D:4:      layout_basic, minmay_vboxes, uniq_sigmund, uniq_grinder
D:5:      layout_cave_pools, temple_hall, portal_sewer_entry_a, minmay_bent,
          uniq_ijyb
D:6:      layout_layer_cave, serial_shops, shop, kennysheep_small_spiral,
          uniq_duvessa
D:7:      statuecave_lemuel, layout_basic, hangedman_abyss_or_decor_slice
D:8:      layout_loops_ring, grunt_temple_overflow_open,
          chequers_serial_rivers_micro_a
D:9:      minmay_sliced_demisemicircle, layout_basic, nzn_wu_jian_contemplation
D:10:     layout_loops_cross, grunt_temple_overflow_champion_of_chaos,
          nicolae_overflow_hidden_temple
D:11:     layout_cave_pools, due_lair_maze_entry_diamond, orc_david_3,
          gauntlet_entry_generic, minivault_19, uniq_lodul
D:12:     layout_roguey, ebering_ghost_reflecting_pool, special_room
          [special_room_bee]
D:13:     lemuel_traditional_vault, layout_basic, grunt_vaults_entry_tiered,
          hex_large, uniq_maurice
D:14:     layout_gridville, fedhas_ov_isle_minmay, uniq_kirke
D:15:     grunt_enter_depths_magical_seal, layout_cave_pools, serial_park_paths
          [serial_park_minivault_5x5_3], nicolae_custom_books
Temple:   nicolae_temple_ecumenical_triangle
Lair:1:   layout_cellular_growth, chequers_serial_rivers_small_b
Lair:2:   layout_regular_city, minmay_snake_entry_guardpost_medium
Lair:3:   layout_cave_shapes, nicolae_shoals_entry_flooding, uniq_gastronok
Lair:4:   layout_loops_ring, grunt_megastairs_1
Lair:5:   hellmonk_lair_end_abyssal_woods, layout_loops_ring, slime_entry_1,
          chequers_serial_rivers_small_3, chequers_serial_rivers_micro_a,
          chequers_serial_rivers_room_b
Shoals:1: layout_shoals
Shoals:2: layout_shoals, serial_shops, nicolae_square_shop
Shoals:3: layout_shoals, nzn_prometheus_bound
Shoals:4: shoals_end_hellmonk_lost_city
Snake:1:  layout_layer_cave, grunt_ministairs_4, minmay_shoptagon, uniq_aizul
Snake:2:  layout_gridlike, portal_ice_cave_entry_frozen_things,
          grunt_megastairs_5, uniq_saint_roka
Snake:3:  layout_chambers, basic_altar, nicolae_snake_naga_rites
Snake:4:  johnstein_snake_rune_scales, layout_misc_corridors,
          nicolae_snake_salamander_fort, minmay_shop_star
Orc:1:    layout_diamond_mine
Orc:2:    grunt_orc_cross, layout_diamond_mine, nicolae_shop_self_help
Elf:1:    minmay_elf_arrival_summoners, layout_gridlike, minmay_elf_necromancy
Elf:2:    elven_hall_of_blades_hangedman_original [nicolae_blade_tridents],
          layout_gridlike, serial_shops, shop
Elf:3:    minmay_elf_hall_x, layout_onion_city, serial_shops, shop,
          einodemon_barbed_minivault
Vaults:1: portal_desolation_entry_nicolae_nacl, hangedman_vaults_corner,
          v_misc_24, v_misc_16, ontoclasm_vaults_eye, v_misc_18, st_star,
          grunt_vaults_diagonal, nicolae_vaults_double_plus_1,
          layout_vaults_big_room
Vaults:2: nicolae_vaults_inception_statues, nicolae_vaults_mitosis,
          nicolae_vaults_little_squares_4, nicolae_vaults_loss_of_containment,
          minmay_crypt_entry_skeletal_spiral, nicolae_vaults_sesquioval_fish,
          vaults_dpeg_hooks, nicolae_vaults_network_s, v_misc_17,
          nicolae_vaults_little_squares_2, layout_vaults_omnicross,
          serial_shops, shop, uniq_donald
Vaults:3: nicolae_vaults_sightless_eye, dpeg_vaults_monster_row, v_misc_3,
          nicolae_vaults_statue_guard, vaults_mumra_minichess, v_misc_10,
          nicolae_vaults_shelves_hall, nicolae_vaults_house_2,
          nicolae_vaults_double_plus_2, ontoclasm_vaults_spin, v_misc_8,
          ontoclasm_vaults_decontamination, nicolae_vaults_tetromino_T_2,
          layout_vaults_omnibox
Vaults:4: v_misc_25, vaults_standard_mumra_lines, nicolae_vaults_tetromino_Z_1,
          nicolae_vaults_little_squares_1, vaults_room_fancy_cross,
          nicolae_vaults_ring_of_whatevers, v_misc_3, nicolae_vaults_diamond_1,
          v_misc_11, vaults_mumra_lcd, nicolae_vaults_taking_the_gang_shopping,
          layout_vaults_ring
Vaults:5: uniq_bai_suzhen
Crypt:1:  layout_regular_city, roderic_lattice_octagonal_star,
          grunt_crypt_arrival_split
Crypt:2:  layout_misc_corridors, nicolae_crypt_stairs_room, uniq_jory,
          uniq_mennas

Skill      XL: |  1  2  3  4  5  6  7  8  9 10 11 12 13 14 15 16 17 18 19 20 21 22 23 |
---------------+----------------------------------------------------------------------+-----
Axes           | 2 3 5 8 10 11 12 13 15 | 15.7
Shields        | 3 4 5 8 10 11 12 13 14 15 16 18 | 18.0
Maces & Flails | 3 4 |  4.8
Armour         | 4 6 7 8 10 11 12 13 14 15 16 18 20 21 | 21.2
Fighting       | 5 7 8 10 12 15 16 18 19 20 21 | 21.3
Invocations    | 4 8 9 10 12 15 17 18 19 20 21 22 | 22.6
Dodging        | 6 9 |  9.9

Action                     |  1- 3 |  4- 6 |  7- 9 | 10-12 | 13-15 | 16-18 | 19-21 | 22-24 || total
---------------------------+-------+-------+-------+-------+-------+-------+-------+-------++-------
  Melee: War axe           |   104 |       |       |       |       |       |       |       ||   104
         Mace              |    10 |    88 |   293 |   153 |     7 |       |       |       ||   551
         Broad axe         |       |       |       |   290 |   948 |  1161 |  1352 |  1032 ||  4783
  Throw: Javelin           |       |       |     1 |       |       |       |       |       ||     1
 Invoke: Upheaval          |       |       |       |     2 |     3 |    15 |     2 |     2 ||    24
         Elemental Force   |       |       |       |       |     5 |     3 |     3 |    10 ||    21
         Disaster Area     |       |       |       |       |       |       |     3 |     2 ||     5
  Evoke: Wand              |       |       |     4 |       |       |       |       |       ||     4
    Use: Scroll            |       |       |     8 |    12 |     5 |     6 |     4 |     5 ||    40
         Potion            |       |       |     1 |     1 |       |       |     1 |     4 ||     7
   Stab: Distracted        |       |     1 |     2 |     5 |     1 |     2 |     1 |       ||    12
         Petrified         |       |       |       |       |     6 |       |       |       ||     6
         Paralysed         |       |       |       |       |    15 |     1 |     1 |     3 ||    20
 Armour: Scale mail        |    69 |    53 |    26 |       |       |       |       |       ||   148
         Chain mail        |       |       |   116 |       |       |       |       |       ||   116
         Plate armour      |       |       |     5 |   173 |       |       |       |       ||   178
         Crystal plate arm |       |       |       |   128 |   408 |   529 |   701 |   489 ||  2255
  Dodge: Dodged            |    58 |    33 |   169 |   265 |   298 |   245 |   256 |   231 ||  1555
         Repelled          |       |       |       |       |     3 |    22 |    15 |     2 ||    42
  Block: Buckler           |    27 |     8 |    44 |   197 |   437 |       |       |       ||   713
         Reflection        |       |       |       |     1 |    14 |   146 |   129 |    84 ||   374
         Kite shield       |       |       |       |       |   465 |  1322 |  1423 |  1139 ||  4349

Table legend: (Time is in decaauts)
 A = Elapsed time spent in this place.
 B = Non-inter-level travel time spent in this place.
 C = Inter-level travel time spent in this place.
 D = Time resting spent in this place.
 E = Time spent auto-exploring this place.
 F = Levels seen in this place.
 G = Mean time per level.
                   A        B        C        D        E       F      G
               +--------+--------+--------+--------+--------+-----+--------+
         Total |  55152 |  52415 |   2737 |  15372 |  24436 |  45 | 1225.6 |
       Dungeon |  17948 |  16858 |   1090 |   3646 |   9393 |  15 | 1196.5 |
        Temple |     22 |     13 |      9 |      0 |      0 |   1 |   22.0 |
          Lair |   6354 |   5913 |    441 |   1347 |   3287 |   5 | 1270.8 |
        Shoals |   4555 |   4421 |    134 |   1410 |   1507 |   4 | 1138.8 |
     Snake Pit |   5855 |   5606 |    249 |   1070 |   3374 |   4 | 1463.8 |
  Orcish Mines |   1925 |   1705 |    220 |    540 |    767 |   2 |  962.5 |
   Elven Halls |   7444 |   7187 |    257 |   3819 |   2066 |   3 | 2481.3 |
        Vaults |   5636 |   5302 |    334 |   1334 |   2518 |   5 | 1127.2 |
         Crypt |   1157 |   1157 |      0 |    463 |    158 |   2 |  578.5 |
         Sewer |   1038 |   1038 |      0 |    248 |    449 |   1 | 1038.0 |
      Ice Cave |   1104 |   1104 |      0 |    348 |    392 |   1 | 1104.0 |
    Desolation |   1284 |   1284 |      0 |    592 |    430 |   1 | 1284.0 |
      Gauntlet |    825 |    825 |      0 |    553 |     93 |   1 |  825.0 |
               +--------+--------+--------+--------+--------+-----+--------+

Top non-repeatable levels by time:
   Elf:3: 3310 daAuts
Vaults:2: 2351 daAuts
 Snake:3: 2295 daAuts
    D:13: 2228 daAuts
   Elf:2: 2101 daAuts
   Elf:1: 2032 daAuts
     D:7: 1855 daAuts
  Lair:5: 1777 daAuts
     D:3: 1698 daAuts
 Snake:1: 1534 daAuts
  Lair:2: 1436 daAuts
Vaults:1: 1405 daAuts
Shoals:2: 1332 daAuts
Vaults:4: 1322 daAuts
     D:1: 1295 daAuts
